 Dungeon Crawl Stone Soup version 0.27.1-3-gb3d3a73c9e (webtiles) character file.

Game seed: 14583663294989265953

15 cdecastro the Ruffian (level 2, -3/23 HPs)
             Began as a Draconian Transmuter on Oct 9, 2021.
             Slain by a worm (8 damage)
             ... on level 2 of the Dungeon.
             The game lasted 00:01:38 (1426 turns).

cdecastro the Ruffian (Draconian Transmuter)        Turns: 1426, Time: 00:01:39

Health: -3/23      AC:  4    Str: 12    XL:     2   Next: 34%
Magic:  5/5        EV: 16    Int: 13    God:
Gold:   76         SH:  0    Dex: 11    Spells: 4/5 levels left

rFire    . . .     SeeInvis .     - Unarmed
rCold    . . .     Faith    .   (no shield)
rNeg     . . .     Spirit   .   (armour unavailable)
rPois    .         Reflect  .   (helmet restricted)
rElec    .         Harm     .   (no cloak)
rCorr    .         Rampage  .   (no gloves)
Will     .....                  (no boots)
Stlth    +.........             (no amulet)
HPRegen  0.07/turn              g - +4 ring of evasion
MPRegen  0.09/turn              (no ring)

@: no status effects
A: AC +4, unfitting armour, cold-blooded
a: no special abilities


You were on level 2 of the Dungeon.
You visited 1 branch of the dungeon, and saw 2 of its levels.

You collected 76 gold pieces.

Inventory:

Missiles
 b - 67 stones
 h - 18 arrows
Jewellery
 g - a +4 ring of evasion (left hand)
Scrolls
 a - 3 scrolls of identify {unknown}
 c - a scroll of blinking {unknown}
 d - 2 scrolls of torment {unknown}
Potions
 e - 2 potions of might {unknown}
 f - 2 potions of curing {unknown}
 i - a potion of ambrosia {unknown}


   Skills:
 - Level 1.1 Fighting
 - Level 1.7 Dodging
 + Level 3.8 Unarmed Combat
 - Level 2.0 Spellcasting
 - Level 2.0 Transmutations


You had 4 spell levels left.
You knew the following spells:

 Your Spells              Type           Power      Damage    Failure   Level
a - Beastly Appendage     Tmut           12%        N/A       11%         1

Your spell library contained the following spells:

 Spells                   Type           Power      Damage    Failure   Level
 Wereblood                Tmut           6%         N/A       17%         2
 Spider Form              Tmut/Pois      1%         N/A       45%         3
 Ice Form                 Ice/Tmut       3%         N/A       86%         4


Dungeon Overview and Level Annotations

Branches:
Dungeon (2/15)

Altars:


Innate Abilities, Weirdness & Mutations

Your plain brown scales are hard. (AC +4)
You cannot fit into any form of body armour.
You are cold-blooded and may be slowed by cold attacks.


Message History

No target in view!
Key pressed, stopping explore.
You open the door.
There is an open door here.
Found 5 gold pieces.
You now have 71 gold pieces (gained 16).
You now have 76 gold pieces (gained 5).
You open the door.
There is an open door here.
Key pressed, stopping explore.
Found 18 arrows.
Found a fizzy golden potion.
h - 18 arrows
i - a fizzy golden potion
Found a stone staircase leading down.
A worm comes into view.
A worm is nearby!
A worm is nearby!
A worm is nearby!
The worm bites you.
You hit the worm.
The worm is lightly wounded.
You hit the worm but do no damage.
The worm is lightly wounded.
The worm bites you!
You hit the worm but do no damage.
The worm is lightly wounded.
You hit the worm. You tail-slap the worm.
The worm is lightly wounded.
The worm closely misses you.
You completely miss the worm.
The worm is lightly wounded.
The worm bites you!
* * * LOW HITPOINT WARNING * * *
You hit the worm.
The worm is moderately wounded.
You hit the worm.
The worm is heavily wounded.
The worm bites you!
You die...

#.# #.# #.#
#.####.#####
..>........#
#.###...##.########
#.....#........######
##...########.......#
##.## #@.####.# #.#
#w.# #.# #..# #+#
#... #.##. #.# .# #.#
# ...


You could see a worm.

Vanquished Creatures
  2 endoplasms (D:2)
  A giant cockroach (D:2)
  A goblin (D:1)
  A hobgoblin (D:2)
  2 kobolds
  A quokka (D:1)
  A ball python (D:1)
  A bat (D:1)
  4 rats
14 creatures vanquished.

Notes
Turn   | Place    | Note
-------+----------+-------------------------------------------
     0 | D:1      | cdecastro the Draconian Transmuter began the quest for the
                  | Orb.
     0 | D:1      | Reached XP level 1. HP: 16/16 MP: 3/3
  1084 | D:2      | Reached XP level 2. HP: 20/23 MP: 5/5
  1426 | D:2      | Slain by a worm

Illustrated notes

Levels and vault maps discovered:
D:1:      dpeg_arrival_pits, layout_basic
D:2:      layout_loops_corners

Action                   || total
-------------------------++-------
Melee: Unarmed           ||    33
       Tailslap          ||     5
Armor: Skin              ||     3
Dodge: Dodged            ||    26
